 Dungeon Crawl Stone Soup version 0.31-a0-236-g9a0961fb85 (webtiles) character file.

Game seed: 8409556635316844666

89 qw the Shooter (level 4, 0/26 HPs)
             Began as a Gargoyle Hexslinger on July 10, 2023.
             Slain by Sigmund
             ... wielding a +0 scythe
              (2 damage)
             ... on level 3 of the Dungeon.
             The game lasted 00:00:31 (977 turns).

qw the Shooter (Gargoyle Hexslinger)                 Turns: 977, Time: 00:00:31

Health: 0/26       AC:  7    Str: 12    XL:     4   Next: 55%
Magic:  5/5        EV: 11    Int: 13    God:
Gold:   104        SH:  0    Dex: 14    Spells: 4/5 levels left

rFire   . . .        b - +1 sling (heavy)
rCold   . . .        (no shield)
rNeg    + . .        i - +0 leather armour
rPois   inf          (no helmet)
rElec   +            (no cloak)
rCorr   .            g - +0 pair of gloves
SInv    .            (no boots)
Will    .....        (no amulet)
Stlth   +            (no ring)
HPRegen 0.24/turn    (no ring)
MPRegen 0.09/turn

%: no passive effects
@: no status effects
A: sickness immunity, AC +3, negative energy resistance 1, electricity
resistance, torment resistance 1, petrification resistance
a: no special abilities


You were on level 3 of the Dungeon.
You visited 1 branch of the dungeon, and saw 3 of its levels.

You collected 104 gold pieces.


Innate Abilities, Weirdness & Mutations

You are immune to sickness and miasma.
Your stone body is resilient. (AC +3)
You are immune to poison.
You resist negative energy. (rN+)
You are resistant to electric shocks. (rElec)
You are resistant to unholy torment.
You are immune to petrification.


   Skills:
 - Level 2.0 Fighting
 + Level 4.3 Ranged Weapons
 - Level 1.5 Dodging
 - Level 1.0 Spellcasting
 - Level 2.6 Hexes


You had 4 spell levels left.
You knew the following spells:

 Your Spells              Type           Power      Damage    Failure   Level
a - Slow                  Hex            28%        N/A       12%         1

Your spell library contained the following spells:

 Spells                   Type           Power      Damage    Failure   Level
 Inner Flame              Hex/Fire       4%         N/A       52%         3
 Portal Projectile        Hex/Tloc       8%         N/A       52%         3
 Cause Fear               Hex            3%         N/A       75%         4

Inventory:

Hand Weapons
 b - a +1 heavy sling (weapon)
Armour
 g - a +0 pair of gloves (worn)
 i - a +0 leather armour (worn)
Scrolls
 a - a scroll of identify
Potions
 e - a potion of invisibility {unknown}
 h - a potion of curing {unknown}
 j - a potion of enlightenment {unknown}

Dungeon Overview and Level Annotations

Branches:
Dungeon (3/15)

Altars:

Annotations:
D:3 Sigmund


Message History

The sling bullet hits the ball python.
You kill the ball python!
You see here a +0 club.
A sourceless malevolence fills the Dungeon... and a teleportation trap spontaneously manifests!
You are yanked towards a nearby monster!
Your surroundings suddenly seem different.
A kobold comes into view. It is wielding a +0 short sword.
Found 7 gold pieces.
You shoot a sling bullet. The sling bullet hits the kobold!
You kill the kobold!
Found 3 javelins.
You now have 104 gold pieces (gained 7).
You see here 3 javelins.
Sigmund the Dreaded comes into view.
He is wielding a +0 scythe.
Sigmund shouts!
You shoot a sling bullet. The sling bullet hits Sigmund!
Sigmund is moderately wounded.
Sigmund points at you and mumbles some strange words.
You resist with some effort.
You shoot a sling bullet.
The sling bullet closely misses Sigmund.
Sigmund casts a spell at you. The puff of flame hits you!
You shoot a sling bullet. The sling bullet barely misses Sigmund.
You start resting.
Sigmund is nearby!
You shoot a sling bullet. The sling bullet hits Sigmund.
Sigmund is heavily wounded.
Sigmund hits you from afar with a +0 scythe!
You shoot a sling bullet.
The sling bullet closely misses Sigmund.
Sigmund hits you from afar with a +0 scythe!
You shoot a sling bullet. The sling bullet hits Sigmund!
Sigmund is almost dead.
Sigmund hits you from afar with a +0 scythe.
You shoot a sling bullet. The sling bullet barely misses Sigmund.
Sigmund barely misses you. Sigmund closely misses you.
You shoot a sling bullet. The sling bullet barely misses Sigmund.
Sigmund hits you from afar with a +0 scythe.
You die...

#
.###.####
.....@..#
## ##@##
#..#...#
## #.
#.#..##
.. ..
#...#
.##.
##.##
.#.##
###.##
...#
.#..#
#.)#
#.#.#
#..#
#.#.#


You could see Sigmund.

Vanquished Creatures
  4 adders (D:2)
  2 worms (D:2)
  2 ball pythons
  A bat (D:2)
  2 endoplasms (D:1)
  3 giant cockroaches
  5 goblins
  4 hobgoblins (D:1)
  5 jackals (D:2)
  A quokka (D:2)
  3 frilled lizards
  7 kobolds
  5 rats
44 creatures vanquished.

Notes
Turn   | Place    | Note
-------+----------+-------------------------------------------
     0 | D:1      | qw the Gargoyle Hexslinger began the quest for the Orb.
     0 | D:1      | Reached XP level 1. HP: 12/12 MP: 2/2
     0 | D:1      | 0 ||| qw: Version: 0.3-a-52-g30416fa
     0 | D:1      | 0 ||| qw: Game counter: 4904
     0 | D:1      | 0 ||| qw: Melee chars always use a shield: true
     0 | D:1      | 0 ||| qw: God list: Okawaru
     0 | D:1      | 0 ||| qw: Allow faded altars: false
     0 | D:1      | 0 ||| qw: Do Orc after clearing Dungeon:15 true
     0 | D:1      | 0 ||| qw: Do second Lair branch before Depths: true
     0 | D:1      | 0 ||| qw: Lair rune preference: random
     0 | D:1      | 0 ||| qw: Goals: Normal
     0 | D:1      | 0 ||| PLANNING D:1-11
   186 | D:1      | Reached XP level 2. HP: 16/16 MP: 3/3
   211 | D:1      | Reached skill level 3 in Ranged Weapons
   402 | D:1      | 402 ||| UPGRADING to +0 pair of gloves.
   407 | D:1      | 407 ||| READING 3 scrolls labelled NOWNUYHECHOE.
   408 | D:1      | 408 ||| READING scroll labelled HUEV DAECHUGG.
   409 | D:1      | 409 ||| READING 2 scrolls of identify.
   409 | D:1      | 409 ||| IDENTIFYING bubbling inky potion
   410 | D:1      | 410 ||| DROPPING scroll of poison.
   411 | D:1      | 411 ||| DROPPING potion of brilliance.
   429 | D:2      | Reached XP level 3. HP: 21/21 MP: 4/4
   548 | D:2      | Reached XP level 4. HP: 20/26 MP: 5/5
   598 | D:2      | Reached skill level 4 in Ranged Weapons
   879 | D:2      | 879 ||| UPGRADING to +0 leather armour.
   889 | D:2      | 889 ||| DROPPING +0 robe.
   890 | D:2      | 890 ||| READING scroll labelled TAXTOEZYMO.
   891 | D:2      | 891 ||| READING scroll labelled UWASUKL GEECK.
   892 | D:2      | 892 ||| READING scroll labelled IFENTO GUISCH.
   968 | D:3      | Noticed Sigmund
   974 | D:3      | HP: 3/26 [Sigmund/+0 scythe (9)]
   975 | D:3      | HP: 1/26 [Sigmund/+0 scythe (2)]
   977 | D:3      | Slain by Sigmund

Levels and vault maps discovered:
D:1:      lemuel_arrival_tunnels, layout_rooms
D:2:      layout_rooms
D:3:      layout_loops_ring, nzn_wu_jian_council_hall, serial_shops,
          nicolae_shop_crystal, uniq_sigmund

Skill      XL: |  1  2  3  4 |
---------------+-------------+-----
Ranged Weapons | 3 4 |  4.3
Fighting       | 2 |  2.0
Dodging        | |  1.5
Spellcasting   | |  1.0
Hexes          | |  2.6

Action                     |  1- 3 |  4- 6 || total
---------------------------+-------+-------++-------
   Fire: Sling             |    70 |    39 ||   109
    Use: Scroll            |     3 |     3 ||     6
 Armour: Robe              |    16 |    10 ||    26
  Dodge: Dodged            |    24 |    10 ||    34

Table legend:
 A = Non-vault XP
 B = Vault XP
 C = Vault XP percentage of total XP
 D = Non-vault monster count
 E = Vault monster count
 F = Vault count percentage of total count
                 A         B        C        D         E       F
            +---------+---------+-------+---------+---------+-------
      Total |     128 |       0 |   0.0 |      44 |       0 |   0.0
            +---------+---------+-------+---------+---------+-------
        D:1 |      28 |       0 |   0.0 |      17 |       0 |   0.0
        D:2 |      94 |       0 |   0.0 |      24 |       0 |   0.0
        D:3 |       6 |       0 |   0.0 |       3 |       0 |   0.0
            +---------+---------+-------+---------+---------+-------
